 Dungeon Crawl Stone Soup version 0.23.0 (webtiles) character file.

Game seed: 12805535308365352665

15047 poirepourri the Cleaver (level 11, 0/104 HPs)
             Began as a Minotaur Fighter on Feb 15, 2019.
             Was a High Priest of Okawaru.
             Killed from afar by an electric eel (11 damage)
             ... with a bolt of electricity
             ... on level 11 of the Dungeon.
             The game lasted 00:12:01 (9656 turns).

poirepourri the Cleaver (Minotaur Fighter)          Turns: 9656, Time: 00:12:02

Health: 0/104      AC: 11    Str: 22    XL:     11   Next: 96%
Magic:  10/10      EV:  9    Int:  5    God:    Okawaru [*****.]
Gold:   531        SH: 15    Dex: 12    Spells: 10/10 levels left

rFire    x . .     SeeInvis .   a - +2 war axe (elec)
rCold    + . .     Gourm    .   c - +2 shield
rNeg     . . .     Faith    .   b - +0 scale mail
rPois    .         Spirit   .   s - +2 hat
rElec    .         Reflect  .   d - +1 cloak {+Inv}
rCorr    .         Harm     .   (no gloves)
MR       .....                  (no boots)
Stlth    ..........             k - amulet of regeneration
HPRegen  0.67/turn              y - ring of ice
MPRegen  0.12/turn              (no ring)

@: no status effects
A: retaliatory headbutt, horns 2
a: Heroism, Finesse, Renounce Religion, Evoke Invisibility


You were on level 11 of the Dungeon.
You worshipped Okawaru.
Okawaru was extremely pleased with you.
You were not hungry.

You visited 2 branches of the dungeon, and saw 12 of its levels.

You collected 723 gold pieces.
You spent 192 gold pieces at shops.

Inventory:

Hand Weapons
 a - a +2 war axe of electrocution (weapon)
Missiles
 e - 7 tomahawks (quivered)
 o - 84 bolts
Armour
 b - a +0 scale mail (worn)
 c - a +2 shield (worn)
 d - a +1 cloak of invisibility (worn)
 s - a +2 hat (worn)
Jewellery
 k - an amulet of regeneration (around neck)
 q - an uncursed amulet of the gourmand
 u - a +3 amulet of reflection
 y - a ring of ice (left hand)
 B - an uncursed ring of fire
Wands
 i - a wand of paralysis (18)
 p - a wand of flame (32)
 t - a wand of iceblast (10)
 A - a wand of digging (4)
Scrolls
 l - a scroll of immolation
 m - 3 scrolls of magic mapping
 r - 2 scrolls of teleportation
 C - a scroll of identify
Potions
 g - 2 potions of cancellation
 h - a potion of magic
 j - a potion of haste
 n - 3 potions of curing
 v - 2 potions of resistance
 w - a potion of mutation
 x - a potion of might
 D - a potion of agility
Miscellaneous
 z - a phial of floods
Comestibles
 f - 20 rations


   Skills:
 - Level 12.1 Fighting
 - Level 14.1 Axes
 - Level 3.6 Armour
 + Level 13.9 Shields


You had 10 spell levels left.
You didn't know any spells.
Your spell library contained the following spells:

 Spells                   Type           Power        Failure   Level  Hunger
 Animate Skeleton         Necr           N/A          85%         1    ##.....
 Apportation              Tloc           #.....       85%         1    ##.....
 Beastly Appendage        Tmut           #.....       85%         1    ##.....
 Confusing Touch          Hex            #.....       85%         1    ##.....
 Summon Small Mammal      Summ           #...         85%         1    ##.....
 Sticks to Snakes         Tmut           #.......     94%         2    ###....
 Spider Form              Tmut/Pois      #.........   99%         3    ####...
 Cause Fear               Hex            #.........   100%        4    #####..
 Ice Form                 Ice/Tmut       #.......     100%        4    #####..
 Blade Hands              Tmut           #.........   100%        5    ######.
 Silence                  Hex/Air        #.........   100%        5    ######.
 Yara's Violent Unravell  Hex/Tmut       #.........   100%        5    ######.
 Deflect Missiles         Chrm/Air       #.........   100%        6    #######
 Discord                  Hex            #.........   100%        8    #######


Dungeon Overview and Level Annotations

Branches:
Dungeon (11/15)            Temple (1/1) D:6            Lair (0/6) D:11
    Orc (0/2) D:9

Altars:
Ashenzari
Cheibriados
Dithmenos
Elyvilon
Fedhas
Gozag
Hepliaklqana
Kikubaaqudgha
Makhleb
Nemelex Xobeh
Okawaru
Qazlal
Ru
Sif Muna
Trog
Uskayaw
Vehumet
Wu Jian
Xom
Yredelemnul
Zin
The Shining One

Shops:
D:5 (   D:11 }

Annotations:
D:6 3 runed translucent doors, feelmyfire's ghost, novice DrIE
D:9 2 transporters, Monsterracer's ghost, novice FoCK
D:10 1 runed translucent door


Innate Abilities, Weirdness & Mutations

You reflexively headbutt those who attack you in melee.
You have a pair of horns on your head.


Message History

You hit the electric eel.
The electric eel shoots out a bolt of lightning at you!
The bolt of electricity hits you!
The electric eel shoots out a bolt of lightning at you!
The bolt of electricity hits you!
There are monsters nearby!
The electric eel shoots out a bolt of lightning at you!
The bolt of electricity hits you!
The electric eel shoots out a bolt of lightning at you!
The bolt of electricity hits you!
* * * LOW HITPOINT WARNING * * *
The electric eel shoots out a bolt of lightning at you!
The bolt of electricity hits you!
* * * LOW HITPOINT WARNING * * *
The electric eel shoots out a bolt of lightning at you!
The bolt of electricity hits you!
* * * LOW HITPOINT WARNING * * *
The electric eel shoots out a bolt of lightning at you!
The bolt of electricity hits you!
You die...

≈≈≈≈ >............# .≈≈≈
.....≈≈≈≈≈≈..# ≈≈≈≈
≈≈≈.≈≈≈≈≈≈≈..# ≈≈
≈≈≈≈≈≈†;≈≈...#
≈≈≈≈≈≈T≈.....#
≈≈≈≈≈;..≈....###.#
≈≈≈≈..≈...†......#
≈≈≈..........####
###..#####@.## ##.......##
#####.### #.###########
#.##........# #.##.######.#
### #.#.......#.#
#.############.#..####.#.###
.......>...................#


You could see a troll and 2 electric eels.

Vanquished Creatures
  3 two-headed ogres
  Erica (D:8)
  An ugly thing (D:11)
  Maurice (D:8)
  Joseph (D:6)
  A gargoyle (D:11)
  2 polar bears (D:8)
  2 hippogriffs
  Prince Ribbit (D:8)
  2 wyverns
  6 yaks
  2 chaos spawn (D:11)
  2 humans (D:7)
  A hungry ghost (D:8)
  Menkaure (D:6)
  Edmund (D:4)
  6 orc warriors
  8 ice beasts
  2 sky beasts
  3 black bears
  2 phantoms
  4 wolves
  A necrophage (D:11)
  7 ogres
  10 centaurs
  2 crocodiles
  2 big kobolds
  Blork the orc (D:5)
  5 bullfrogs
  2 gnoll sergeants (D:5)
  3 scorpions
  11 killer bees
  5 wights
  3 electric eels
  7 howler monkeys
  4 crimson imps
  2 centaur zombies
  A quasit (D:5)
  9 hounds
  3 bullfrog zombies
  Crazy Yiuf (D:6)
  4 bullfrog skeletons
  2 centaur skeletons
  4 jellies
  2 orc priests
  9 worker ants
  Ijyb (D:5)
  13 orc wizards
  5 iguanas
  Natasha (thrice) (D:2)
  A bullfrog simulacrum (D:8)
  A hound zombie (D:6)
  3 hound skeletons
  7 gnolls (D:4)
  10 adders
  2 shadow imps
  4 white imps (D:8)
  2 ufetubi (D:8)
  2 adder skeletons
  3 worms
  A dart slug (D:2)
  6 leopard geckos
  40 orcs
  2 ball pythons
  4 bats
  9 giant cockroaches
  15 goblins
  6 hobgoblins
  7 jackals
  8 kobolds
  6 quokkas
  5 frilled lizards
  A jackal skeleton (D:5)
  A leopard gecko skeleton (D:7)
  A leopard gecko zombie (D:5)
  A quokka skeleton (D:5)
  5 rats
328 creatures vanquished.

Vanquished Creatures (others)
  A water moccasin (D:5)
1 creature vanquished.

Grand Total: 329 creatures vanquished

Notes
Turn   | Place    | Note
-------+----------+-------------------------------------------
     0 | D:1      | poirepourri the Minotaur Fighter began the quest for the
                  | Orb.
     0 | D:1      | Reached XP level 1. HP: 19/19 MP: 0/0
    56 | D:1      | Reached skill level 3 in Axes
   128 | D:1      | Reached XP level 2. HP: 24/26 MP: 1/1
   310 | D:1      | Reached skill level 4 in Axes
   717 | D:2      | Reached XP level 3. HP: 31/31 MP: 2/2
   926 | D:2      | Found a shimmering altar of Xom.
   930 | D:2      | Found an ancient bone altar of Kikubaaqudgha.
   930 | D:2      | Found a stormy altar of Qazlal.
  1136 | D:2      | Reached skill level 5 in Axes
  1136 | D:2      | Reached XP level 4. HP: 32/39 MP: 3/3
  1176 | D:2      | Noticed Natasha
  1183 | D:2      | Killed Natasha
  1437 | D:2      | Noticed Natasha
  1441 | D:2      | Killed Natasha
  1441 | D:2      | Reached skill level 6 in Axes
  1473 | D:2      | Noticed Natasha
  1479 | D:2      | Killed Natasha
  1479 | D:2      | Reached XP level 5. HP: 30/45 MP: 4/4
  2119 | D:4      | Reached skill level 7 in Axes
  2172 | D:4      | Noticed Edmund
  2182 | D:4      | Killed Edmund
  2182 | D:4      | Reached skill level 8 in Axes
  2182 | D:4      | Reached XP level 6. HP: 34/51 MP: 5/5
  2447 | D:4      | Reached skill level 9 in Axes
  2494 | D:4      | Reached XP level 7. HP: 56/57 MP: 6/6
  2646 | D:4      | HP: 2/57 [gnoll/+0 halberd (8)]
  3250 | D:5      | Entered Level 5 of the Dungeon
  3258 | D:5      | Reached skill level 10 in Axes
  3284 | D:5      | Found Gomoekuesih's Antique Weapon Emporium.
  3469 | D:5      | Noticed Ijyb
  3481 | D:5      | Killed Ijyb
  3484 | D:5      | Noticed Blork the orc
  3497 | D:5      | Reached skill level 11 in Axes
  3501 | D:5      | Killed Blork the orc
  3501 | D:5      | Reached XP level 8. HP: 29/64 MP: 7/7
  4003 | D:5      | Reached skill level 12 in Axes
  4429 | D:6      | Found a staircase to the Ecumenical Temple.
  4455 | Temple   | Entered the Ecumenical Temple
  4666 | D:6      | Found a runed translucent door.
  4669 | D:6      | Noticed Crazy Yiuf
  4687 | D:6      | Killed Crazy Yiuf
  4765 | D:6      | Found a runed translucent gate.
  4765 | D:6      | Found a runed translucent gate.
  4766 | D:6      | Found a runed translucent gate.
  4766 | D:6      | Noticed feelmyfire's ghost (novice DrIE)
  4799 | D:6      | Reached skill level 13 in Axes
  5221 | D:7      | Noticed Joseph
  5228 | D:7      | Noticed Menkaure
  5243 | D:6      | HP: 1/64 [Menkaure (14)]
  5537 | D:6      | Killed Menkaure
  5744 | D:6      | Killed Joseph
  5744 | D:6      | Reached XP level 9. HP: 57/70 MP: 8/8
  5806 | D:7      | Reached skill level 14 in Axes
  6116 | D:7      | Found a shadowy altar of Dithmenos.
  6120 | D:7      | Reached skill level 5 in Fighting
  6279 | D:7      | Found an iron altar of Okawaru.
  6299 | D:7      | Became a worshipper of Warmaster Okawaru
  6651 | D:8      | Noticed Prince Ribbit
  6664 | D:8      | Killed Prince Ribbit
  6664 | D:8      | Reached * piety under Okawaru
  6671 | D:8      | Reached XP level 10. HP: 69/93 MP: 9/9
  6684 | D:8      | Reached skill level 10 in Fighting
  6753 | D:8      | Noticed Erica
  6769 | D:8      | Killed Erica
  6856 | D:8      | Reached ** piety under Okawaru
  6876 | D:8      | Noticed a two-headed ogre
  6892 | D:8      | Killed a two-headed ogre
  7052 | D:8      | Reached *** piety under Okawaru
  7056 | D:8      | Noticed Maurice
  7069 | D:8      | Reached skill level 5 in Shields
  7082 | D:8      | Killed Maurice
  7289 | D:8      | Reached **** piety under Okawaru
  7307 | D:8      | Reached XP level 11. HP: 78/104 MP: 10/10
  7932 | D:9      | Found a staircase to the Orcish Mines.
  8237 | D:9      | Noticed a two-headed ogre
  8244 | D:9      | Killed a two-headed ogre
  8244 | D:9      | Reached ***** piety under Okawaru
  8244 | D:9      | Reached skill level 10 in Shields
  8265 | D:9      | Found a transporter.
  8267 | D:9      | Noticed a two-headed ogre
  8268 | D:9      | Noticed Monsterracer's ghost (novice FoCK)
  8270 | D:9      | Identified the +10 dire flail "Kiliepeb" {venom, -Tele +Fly
                  | MR- SInv}
  8270 | D:9      | Noticed a two-headed ogre
  8271 | D:9      | Found a transporter.
  8321 | D:10     | Entered Level 10 of the Dungeon
  8554 | D:10     | Received a gift from Okawaru
  8892 | D:10     | Found a runed translucent door.
  8892 | D:10     | Noticed a war gargoyle
  8892 | D:10     | Noticed a phantasmal warrior
  8892 | D:10     | Noticed a deep troll earth mage
  8894 | D:10     | Noticed a great orb of eyes
  8894 | D:10     | Identified the +8 hand axe of Honesty {flame, *Contam +Fly
                  | rC+ MR++}
  8894 | D:10     | Noticed a yaktaur captain
  8894 | D:10     | Noticed an orc knight
  8894 | D:10     | Noticed a deep troll earth mage
  9144 | D:11     | Noticed a two-headed ogre
  9155 | D:11     | Killed a two-headed ogre
  9156 | D:11     | Noticed a two-headed ogre
  9347 | D:11     | Found a shimmering altar of Xom.
  9350 | D:11     | Found the +7 mace of Variability {chain chaos}
  9446 | D:11     | Found Ysmisi's Gadget Shop.
  9451 | D:11     | Bought a wand of digging (4) for 192 gold pieces
  9531 | D:11     | Noticed a purple ugly thing
  9538 | D:11     | Killed a purple ugly thing
  9650 | D:11     | Found a staircase to the Lair.
  9656 | D:11     | Killed from afar by an electric eel

Skill      XL: |  1  2  3  4  5  6  7  8  9 10 11 |
---------------+----------------------------------+-----
Axes           | 3 4 5 6 8 9 11 13 14 | 14.1
Fighting       | 9 12 | 12.1
Shields        | 8 13 | 13.9
Armour         | |  3.6

Action                   |  1- 3 |  4- 6 |  7- 9 | 10-12 || total
-------------------------+-------+-------+-------+-------++-------
Melee: War axe           |    72 |    16 |       |   181 ||   269
       Headbutt          |    11 |    14 |    62 |    83 ||   170
       Hand axe          |       |    93 |   314 |   235 ||   642
Throw: Tomahawk          |       |       |     4 |       ||     4
Invok: Heroism           |       |       |       |     1 ||     1
Evoke: Wand              |       |       |       |     1 ||     1
  Use: Scroll            |     5 |     7 |    12 |     7 ||    31
       Potion            |     2 |     1 |    11 |     1 ||    15
 Stab: Paralysed         |       |       |       |     1 ||     1
  Eat: Ration            |       |     2 |     3 |     4 ||     9
       Chunk             |       |     1 |     1 |       ||     2
Armor: Scale mail        |    26 |    22 |    71 |    97 ||   216
Dodge: Dodged            |    17 |    27 |    69 |    93 ||   206
Block: Shield            |    27 |    45 |   121 |   207 ||   400
